 Dungeon Crawl Stone Soup version 0.28.0-1-gb440e238dd (webtiles) character file.

Game seed: 16674630663244912397

108778 smarlow the Tortoise (level 17, -16/95 HPs)
             Began as a Djinni Fire Elementalist on Feb 22, 2022.
             Was a Priest of Ashenzari.
             Killed from afar by a war gargoyle (32 damage)
             ... with a spray of metal splinters
             ... on level 13 of the Dungeon.
             The game lasted 02:00:04 (31607 turns).

smarlow the Tortoise (Djinni Fire Elementalist)    Turns: 31607, Time: 02:00:05

Health: -16/95     AC:  6    Str:  5    XL:     17   Next: 5%
Gold:   856        EV: 14    Int: 28    God:    Ashenzari [***...] SH:  5 Dex: 15

rFire   + + +      SeeInvis +   o - staff of conjuration
rCold   . . .      Faith    .   (no shield)
rNeg    . . .      Spirit   .   a - +1 robe of the Eternal Sage {Will- Regen+ rCorr, Self, Evo} (curse)
rPois   ∞          Reflect  +   z - +2 hat {Stlth+}
rElec   .          Harm     .   t - +0 cloak "Thunder Perfect Mind" {Fort, Range} (curse)
rCorr   +          Rampage  .   E - -4 pair of gloves of Distant Shores {*Corrode rPois Will++ Regen+ Str-2}
Will    ++...      Clarity  +   (boots unavailable)
Stlth   +++.......              x - amulet of Ashenzari's Oblivion {Reflect SH+5, Fort, Self} (curse)
HPRegen 1.85/turn               F - ring "Prescient Free Will" {rF+, Self, Fort} (curse)
MPRegen 0.00/turn               m - ring "Apathy of Ashenzari" {rC+, Evo, Melee} (curse)

@: flying, invisible
A: sickness immunity, fire resistance 2, cold vulnerability 1, float, innate
caster, HP casting, extra vitality 1, beak, agile 1, clever 1
a: Renounce Religion, Shatter the Chains


You were on level 13 of the Dungeon.
You worshipped Ashenzari.
Ashenzari was most pleased with you.
You visited 3 branches of the dungeon, and saw 21 of its levels.
You also visited: Bailey and Gauntlet.

You collected 1816 gold pieces.
You spent 960 gold pieces at shops.

Inventory:

Missiles
 q - a throwing net
Armour
 a - the cursed +1 robe of the Eternal Sage (worn) {Will- Regen+ rCorr, Self, Evo}
   (You found it in a Gauntlet)

   Regen:     It increases your rate of health regeneration.
   rCorr:     It protects you from acid and corrosion.
   Will:      It decreases your willpower.
   It has a curse which improves the following skills: Introspection: Fighting
   and Spellcasting.
   Evocations: Evocations.
 t - the cursed +0 cloak "Thunder Perfect Mind" (worn) {Fort, Range}
   (You found it on level 7 of the Dungeon)

   It has a curse which improves the following skills: Fortitude: Armour and
   Shields.
   Ranged Combat: Slings, Bows, Crossbows and Throwing.
 z - a +2 hat of stealth (worn)
 E - the -4 pair of gloves of Distant Shores (worn) {*Corrode rPois Will++ Regen+ Str-2}
   (You acquired it on level 2 of the Orcish Mines)

   Str:       It affects your strength (-2).
   rPois:     It protects you from poison.
   Regen:     It increases your rate of health regeneration.
   *Corrode:  It may corrode you when you take damage.
   Will:      It greatly increases your willpower.
Magical Staves
 o - a staff of conjuration (weapon)
Jewellery
 c - a ring of protection from fire
 m - the cursed ring "Apathy of Ashenzari" (right hand) {rC+, Evo, Melee}
   (You found it in a Gauntlet)

   [ring of protection from cold]

   rC:        It protects you from cold.
   It has a curse which improves the following skills: Evocations: Evocations.
   Melee Combat: Short Blades, Long Blades, Axes, Maces & Flails, Polearms,
   Staves and Unarmed Combat.
 x - the cursed amulet of Ashenzari's Oblivion (around neck) {Reflect SH+5, Fort, Self}
   (You found it on level 7 of the Dungeon)

   [amulet of reflection]

   It reflects blocked missile attacks.
   SH:        It affects your SH (+5).
   It has a curse which improves the following skills: Fortitude: Armour and
   Shields.
   Introspection: Fighting and Spellcasting.
 F - the cursed ring "Prescient Free Will" (left hand) {rF+, Self, Fort}
   (You found it on level 9 of the Dungeon)

   [ring of protection from fire]

   rF:        It protects you from fire.
   It has a curse which improves the following skills: Introspection: Fighting
   and Spellcasting.
   Fortitude: Armour and Shields.
 N - a ring of willpower
Wands
 d - a wand of flame (26)
 f - a wand of mindburst (5)
 j - a wand of polymorph (4)
 n - a wand of iceblast (23)
 r - a wand of acid (16)
 u - a wand of paralysis (6)
 y - a wand of digging (7)
 J - a wand of charming (4)
Scrolls
 e - 3 scrolls of immolation
 g - 2 scrolls of summoning
 v - 9 scrolls of enchant weapon
 A - 8 scrolls of fog
 B - a scroll of magic mapping
 C - a scroll of holy word
 I - 2 scrolls of enchant armour
 M - a scroll of brand weapon
Potions
 b - a potion of curing
 h - 2 potions of might
 k - 3 potions of haste
 l - a potion of brilliance
 p - a potion of lignification
 s - 7 potions of ambrosia
 D - 2 potions of invisibility
 G - 2 potions of resistance
 H - a potion of berserk rage
 K - 2 potions of cancellation
 L - a potion of mutation


   Skills:
 + Level 3.9(5.4) Throwing
 + Level 18.1(21.1) Armour
 + Level 5.5 Dodging
 - Level 2.8 Stealth
 + Level 16.8(19.9) Spellcasting
 - Level 3.3(5.5) Evocations


You had 13 spell levels left.
You knew the following spells:

 Your Spells              Type           Power      Damage    Failure   Level
a - Foxfire               Conj/Fire      100%       2x1d9     0%          1
b - Scorch                Fire           100%       2d10      0%          2
c - Conjure Flame         Conj/Fire      100%       6-21      0%          3
d - Inner Flame           Hex/Fire       96%        N/A       0%          3
e - Flame Wave            Conj/Fire      100%       2d17      0%          4
f - Apportation           Tloc           100%       N/A       0%          1
g - Call Imp              Summ           96%        N/A       0%          2
h - Corpse Rot            Necr/Air       100%       N/A       0%          2
i - Mephitic Cloud        Conj/Pois/Air  100%       N/A       0%          3
j - Iskenderun's Mystic   Conj/Tloc      100%       2d19      0%          4
k - Iskenderun's Battles  Conj           100%       2d15      0%          5
l - Death Channel         Necr           48%        N/A       1%          6
m - Eringya's Noxious Bo  Tmut/Pois      48%        N/A       1%          6
Your spell library was empty.

Dungeon Overview and Level Annotations

Branches:
Dungeon (13/15)            Temple (0/1) D:5            Lair (6/6) D:10
  Swamp (0/4) Lair:3       Spider (0/4) Lair:3        Slime (0/5) Lair:5
    Orc (2/2) D:12            Elf (0/3) Orc:2        Vaults (0/5) D:13
 Bailey (visited)         Gauntlet (visited)

Altars:
Ashenzari
Dithmenos
Gozag
Kikubaaqudgha
Ru
Trog
Xom
Yredelemnul
Zin
The Shining One
Beogh

Shops:
D:12 ([   Orc:2 **=*

Annotations:
D:12 1 exclusion
Lair:4 3 runed translucent doors, trudenn's ghost, journeyman GrEE


Innate Abilities, Weirdness & Mutations

You are immune to sickness and miasma.
You are immune to poison.
Your flesh is very heat resistant. (rF++)
You are vulnerable to cold. (rC-)
You float through the air rather than walking.
You learn spells naturally, not from books.
Your magical power is your life essence.
You have superior vitality. (+4 MHP)
You have a beak for a mouth.
You are agile. (Dex +2)
Your mind is acute. (Int +2)


Message History

There is an open door here.
You reach down and close the door.
You feel better.
Something unseen breaks down the door.
Casting: Iskenderun's Mystic Blast (safe; 0% risk of failure)
Confirm with . or Enter, or press ? or * to list all spells.
You feel a surge of power!
You erupt in a blast of force!
The mystic blast hits the war gargoyle!
The war gargoyle is heavily damaged.
The war gargoyle is knocked back by the mystic blast.
You hear a shout!
The war gargoyle launches metal splinters at you.
The spray of metal splinters hits you!!!
* * * LOW HITPOINT WARNING * * *
As you read the scroll of fear, it crumbles to dust.
You assume a fearsome visage.
The tengu conjurer resists with some effort.
The war gargoyle is unaffected.
Casting: Iskenderun's Mystic Blast (safe; 0% risk of failure)
Confirm with . or Enter, or press ? or * to list all spells.
You feel a surge of power!
You erupt in a blast of force!
The mystic blast hits the war gargoyle!
The war gargoyle is severely damaged.
The war gargoyle is knocked back by the mystic blast.
The war gargoyle collides with the tengu conjurer!
The tengu conjurer is lightly wounded.
The war gargoyle is severely damaged.
* * * LOW HITPOINT WARNING * * *
The tengu conjurer casts a spell.
The tengu conjurer conjures a globe of magical energy!
A battlesphere comes into view.
You fade into invisibility!
The war gargoyle launches metal splinters at you.
The spray of metal splinters misses you.
As you read the scroll of summoning, it crumbles to dust.
Wisps of shadow whirl around you... The war gargoyle closely misses you.
You block the war gargoyle's attack.
Your howler monkey hits the tengu conjurer.
The war gargoyle launches metal splinters at you.
The spray of metal splinters hits you!!
You die...

'#### ##.....## ####'#.......
...)# ###'### #)...#.......
....### #..(# ###....#.......
......# ##...## #......#.......
......####.....####......#.......
##......##..⌠.*##......###.......
∆#).....#....hQ9#......# ########
*###....#....DD.#....###, .......
#[...'...[...@...[#, ,.......
##########'##########,, .......
#.....#....##.......#, ,.......
#.....#....#........###########
#.....#....#..........[........
#.....#....#........).(........
#.....#....').......†....[..†..
#.....'....#....######.....####
#.....######....'....#...[.#


You could see a war gargoyle (catching breath, ally target), a tengu conjurer, a
battlesphere, a friendly eight-headed hydra (summoned), a friendly acid dragon
(summoned) and a friendly howler monkey (summoned).

Vanquished Creatures
  Kirke (Lair:6)
  An orc warlord (Orc:2)
  A cacodemon (D:11)
  An ettin (D:13)
  The ghost of komi the Spear-Bearer, a journeyman OpMo of Cheibriados (D:11)
  3 fire dragons (D:13)
  An ice dragon (D:13)
  4 hydras
  A catoblepas (D:13)
  An ogre mage (D:13)
  4 boulder beetles
  A death knight (D:12)
  5 centaur warriors (D:13)
  5 death yaks (Lair:3)
  9 two-headed ogres
  A deep troll earth mage (D:13)
  Urug (Lair:3)
  3 tengu warriors
  5 orc high priests
  A sea snake (Lair:6)
  A glowing orange brain (D:11)
  A wizard (D:13)
  9 orc knights
  A deep elf pyromancer (D:13)
  6 orc sorcerers (Orc:2)
  A wolf spider (D:13)
  A manticore (D:13)
  3 cyclopes
  7 ugly things
  A salamander (shapeshifter) (D:13)
  6 elephants
  3 black mambas
  A centaur zombie (D:11)
  2 gargoyles (D:12)
  11 cane toads
  A torpor snail (Lair:6)
  2 rime drakes
  A hellion (Gauntlet)
  5 komodo dragons
  An unseen horror (D:10)
  A freezing wraith (D:13)
  An ice devil (Gauntlet)
  A kobold demonologist (Bailey)
  3 tengu conjurers
  A queen bee (D:12)
  7 trolls
  5 polar bears
  2 meliai (D:12)
  A hornet (Lair:6)
  3 wind drakes (Lair:6)
  2 slime creatures (Lair:5)
  18 blink frogs
  10 dream sheep
  Sigmund (D:4)
  A shadow (D:10)
  A culicivora (Lair:3)
  5 wyverns
  5 hogs (Lair:6)
  A human (Lair:6)
  3 basilisks
  9 yaks
  2 neqoxecs (D:11)
  10 vampire mosquitoes
  A redback (shapeshifter) (D:13)
  A steam dragon (shapeshifter) (D:11)
  Edmund (D:4)
  2 steam dragons (D:8)
  2 redbacks (Lair:3)
  8 water moccasins
  4 wargs
  An acid dragon (D:13)
  A water moccasin (shapeshifter) (D:11)
  A swamp drake (Lair:3)
  45 orc warriors
  2 black bears
  8 wolves
  A tengu (shapeshifter) (D:11)
  8 ogres
  7 centaurs
  A centaur (shapeshifter) (D:11)
  3 kobold brigands
  14 bullfrogs
  3 scorpions
  A water moccasin zombie (D:5)
  A wyvern skeleton (D:7)
  20 killer bees (D:12)
  5 wights (D:9)
  14 howler monkeys
  7 electric eels (Bailey)
  3 hounds
  A bullfrog skeleton (D:5)
  2 jellies (Lair:5)
  34 orc priests
  2 gnoll shamans
  Terence (D:3)
  3 iguanas
  Natasha (twice) (D:3)
  21 orc wizards
  A scorpion zombie (D:5)
  2 howler monkey zombies
  Robin (D:3)
  12 gnolls
  6 adders
  A shadow imp (D:8)
  4 white imps
  An ufetubus (D:5)
  2 dart slugs
  104 orcs
  3 bats
  6 endoplasms
  3 giant cockroaches
  22 goblins
  19 hobgoblins
  2 jackals (D:3)
  21 kobolds
  2 quokkas
  5 ball pythons
  5 rats
  A foxfire (Lair:3)
661 creatures vanquished.

Vanquished Creatures (collateral kills)
  A two-headed ogre (D:11)
  A smoke demon (Gauntlet)
  52 foxfires
54 creatures vanquished.

Vanquished Creatures (others)
  An orc wizard (Orc:2)
  A bush (Lair:3)
  2381 foxfires
  18 fungi
  45 plants
2446 creatures vanquished.

Grand Total: 3161 creatures vanquished

Notes
Turn   | Place    | Note
-------+----------+-------------------------------------------
     0 | D:1      | smarlow the Djinni Fire Elementalist began the quest for
                  | the Orb.
     0 | D:1      | Reached XP level 1. HP: 15/15 MP: 0/0
   342 | D:1      | Found a faded altar of an unknown god.
   704 | D:1      | Reached XP level 2. HP: 19/21 MP: 0/0
  1095 | D:2      | Reached XP level 3. HP: 21/25 MP: 0/0
  1095 | D:2      | Learned a level 1 spell: Apportation
  1734 | D:2      | Reached XP level 4. HP: 19/31 MP: 0/0
  2448 | D:3      | Reached XP level 5. HP: 31/35 MP: 0/0
  2448 | D:3      | Learned a level 2 spell: Call Imp
  2619 | D:3      | Noticed Terence
  2632 | D:3      | Killed Terence
  3006 | D:3      | Noticed Natasha
  3012 | D:3      | Killed Natasha
  3088 | D:3      | Noticed Robin
  3095 | D:3      | Killed Robin
  3190 | D:3      | Reached XP level 6. HP: 24/40 MP: 0/0
  3597 | D:3      | Found a shadowy altar of Dithmenos.
  3627 | D:3      | Found a broken altar of Ashenzari.
  3630 | D:3      | Found a shimmering altar of Xom.
  4028 | D:4      | Noticed Sigmund
  4036 | D:4      | Killed Sigmund
  4037 | D:4      | Reached skill level 5 in Spellcasting
  4037 | D:4      | Reached XP level 7. HP: 35/45 MP: 0/0
  4037 | D:4      | Learned a level 2 spell: Corpse Rot
  4458 | D:4      | Noticed Edmund
  4463 | D:4      | Killed Edmund
  4669 | D:4      | Found a basalt altar of Yredelemnul.
  4673 | D:4      | Found a glowing silver altar of Zin.
  4937 | D:4      | Reached XP level 8. HP: 44/50 MP: 0/0
  5449 | D:3      | Became a worshipper of Ashenzari the Shackled
  5494 | D:5      | Entered Level 5 of the Dungeon
  5871 | D:5      | Reached skill level 1 in Armour
  5951 | D:5      | Found a staircase to the Ecumenical Temple.
  6184 | D:5      | Found an opulent altar of Gozag.
  6326 | D:6      | Reached skill level 2 in Armour
  6688 | D:6      | Found a bloodstained altar of Trog.
  6780 | D:6      | Reached skill level 3 in Armour
  7201 | D:7      | Reached XP level 9. HP: 21/55 MP: 0/0
  7201 | D:7      | Learned a level 3 spell: Mephitic Cloud
  7202 | D:7      | Reached skill level 4 in Armour
  7443 | D:7      | Found a flagged portal.
  7461 | Bailey   | Entered a bailey
  7887 | Bailey   | Noticed a kobold demonologist
  7904 | Bailey   | Reached skill level 5 in Armour
  7981 | Bailey   | Noticed an orc knight
  8011 | Bailey   | Killed a kobold demonologist
  8206 | Bailey   | Found an iron altar of Okawaru.
  8208 | Bailey   | Noticed an orc high priest
  8208 | Bailey   | Noticed an orc knight
  8210 | Bailey   | Noticed an ice devil
  8227 | Bailey   | Noticed a rust devil
  8239 | Bailey   | Noticed an orange demon
  8250 | Bailey   | Noticed a rust devil
  8438 | Bailey   | Reached skill level 6 in Armour
  8489 | Bailey   | Noticed a hellwing
  8491 | Bailey   | Noticed a rust devil
  8504 | Bailey   | Noticed an orange demon
  8510 | Bailey   | Gained mutation: You expend health (3 HP) to strengthen
                  | your wands. [a neqoxec]
  8521 | Bailey   | Killed an orc high priest
  8522 | Bailey   | Reached XP level 10. HP: 44/60 MP: 0/0
  8526 | Bailey   | Reached skill level 7 in Armour
  9980 | Bailey   | Found the +10 Black Knight's barding {ponderous, rPois rN+}
 10120 | Bailey   | Killed an orc knight
 10121 | Bailey   | Reached skill level 8 in Armour
 10463 | Bailey   | Killed an orc knight
 10599 | Bailey   | Noticed an orc knight
 10645 | Bailey   | Killed an orc knight
 10903 | D:7      | Acquired a manual of Spellcasting
 10997 | D:7      | Reached skill level 9 in Armour
 11117 | D:7      | Found a sacrificial altar of Ru.
 11420 | D:3      | Noticed Natasha
 11422 | D:3      | Killed Natasha
 11710 | D:8      | Reached skill level 10 in Spellcasting
 11710 | D:8      | Reached XP level 11. HP: 44/65 MP: 0/0
 11710 | D:8      | Learned a level 4 spell: Iskenderun's Mystic Blast
 12152 | D:8      | Noticed a two-headed ogre
 12161 | D:8      | Killed a two-headed ogre
 12736 | D:8      | Found a glowing golden altar of the Shining One.
 13190 | D:9      | Noticed a two-headed ogre
 13433 | D:9      | You are sucked into a shaft and drop 2 floors!
 13498 | D:10     | Entered Level 10 of the Dungeon
 13510 | D:10     | Noticed a two-headed ogre
 13522 | D:10     | Killed a two-headed ogre
 13523 | D:10     | Reached skill level 10 in Armour
 13776 | D:10     | Found a staircase to the Lair.
 14290 | D:9      | Killed a two-headed ogre
 14538 | D:9      | Noticed a two-headed ogre
 14547 | D:9      | Killed a two-headed ogre
 15378 | D:10     | Reached skill level 11 in Armour
 16054 | D:11     | Reached * piety under Ashenzari
 16091 | D:11     | Noticed a two-headed ogre
 16094 | D:11     | Noticed a boulder beetle
 16111 | D:11     | Killed a two-headed ogre
 16134 | D:11     | Killed a boulder beetle
 16135 | D:11     | Reached XP level 12. HP: 43/70 MP: 0/0
 16713 | D:11     | Found a runed translucent gate.
 16714 | D:11     | Found a runed translucent gate.
 16714 | D:11     | Found a runed translucent gate.
 16716 | D:11     | Noticed a glowing orange brain
 17594 | D:12     | Noticed a boulder beetle
 17641 | D:12     | Reached ** piety under Ashenzari
 17740 | D:12     | Noticed a two-headed ogre
 18138 | Lair:1   | Entered Level 1 of the Lair of Beasts
 18183 | Lair:1   | Reached skill level 12 in Armour
 18963 | Lair:1   | Reached *** piety under Ashenzari
 18989 | Lair:1   | Noticed an eight-headed hydra
 18995 | Lair:1   | Killed an eight-headed hydra
 19679 | Lair:2   | Identified Sif Muna's Grimoire of Black Rites and the
                  | Frostbite
 19837 | Lair:2   | Reached skill level 13 in Armour
 20114 | Lair:2   | Identified the +6 whip of the Four Wars {vorpal, Dex+3}
 20379 | Lair:2   | Reached XP level 13. HP: 66/76 MP: 0/0
 20379 | Lair:2   | Learned a level 5 spell: Iskenderun's Battlesphere
 21048 | Lair:3   | Found a staircase to the Swamp.
 21694 | Lair:3   | Found a hole to the Spider Nest.
 21987 | Lair:3   | Noticed Urug
 21997 | Lair:3   | Killed Urug
 22260 | Lair:3   | Reached skill level 14 in Armour
 22983 | Lair:4   | Noticed a six-headed hydra
 22996 | Lair:4   | Killed a six-headed hydra
 23370 | Lair:4   | Found a runed translucent gate.
 23372 | Lair:4   | Found a runed translucent gate.
 23373 | Lair:4   | Found a runed translucent gate.
 23374 | Lair:4   | Noticed trudenn's ghost (journeyman GrEE)
 23528 | Lair:4   | Reached **** piety under Ashenzari
 24010 | Lair:5   | Found a gate leading to a gauntlet.
 24020 | Gauntlet | Entered a Gauntlet
 24020 | Gauntlet | Found a transporter.
 24020 | Gauntlet | Found a transporter.
 24042 | Gauntlet | Found a transporter.
 24044 | Gauntlet | Found a transporter.
 24045 | Gauntlet | Identified the +1 robe of the World {Will- Regen+ rCorr}
 24056 | Gauntlet | Reached XP level 14. HP: 38/81 MP: 0/0
 24256 | Gauntlet | Found a transporter.
 24270 | Gauntlet | Found a transporter.
 24526 | Gauntlet | Found a transporter.
 24528 | Gauntlet | Found a transporter.
 24536 | Gauntlet | Found a transporter.
 24539 | Gauntlet | Found a transporter.
 24539 | Gauntlet | Identified the ring "Anginiom" {rN+ EV+4 Dex+4}
 24544 | Gauntlet | Reached skill level 15 in Armour
 24622 | Gauntlet | Identified the +6 chain mail of Pride {rN++ Slay-6 SInv}
 24622 | Gauntlet | Identified the ring "Vosuneih" {*Slow Fly rC+ Dex+5}
 24622 | Gauntlet | Noticed a minotaur
 24623 | Gauntlet | Identified the +3 leather armour "Icrick" {Rampage rF+}
 24623 | Gauntlet | Identified the Reference Book on Displaced Fire
 24876 | Lair:5   | Reached skill level 15 in Spellcasting
 24896 | Lair:5   | Found a staircase to the Slime Pits.
 25334 | Lair:6   | Entered Level 6 of the Lair of Beasts
 25379 | Lair:6   | Noticed Kirke
 25385 | Lair:6   | Killed Kirke
 25715 | Lair:6   | Reached skill level 16 in Armour
 26031 | D:11     | Found a runed translucent gate.
 26031 | D:11     | Found a runed translucent gate.
 26033 | D:11     | Found a runed translucent gate.
 26041 | D:11     | Noticed a cacodemon
 26042 | D:11     | Noticed komi's ghost (journeyman OpMo)
 26045 | D:11     | Lost mutation: You expend health (3 HP) to strengthen your
                  | wands. [potion of mutation]
 26045 | D:11     | Gained mutation: You are frail. (-10% HP) [potion of
                  | mutation]
 26201 | Lair:2   | Lost mutation: You are frail. (-10% HP) [potion of
                  | mutation]
 26201 | Lair:2   | Gained mutation: You are agile. (Dex +2) [potion of
                  | mutation]
 26201 | Lair:2   | Gained mutation: You occasionally shout uncontrollably at
                  | your foes. [potion of mutation]
 26201 | Lair:2   | Gained mutation: You have a pair of small antennae on your
                  | head. [potion of mutation]
 26358 | D:11     | Killed komi's ghost
 26359 | D:11     | Killed a cacodemon
 26376 | D:11     | Lost mutation: You occasionally shout uncontrollably at
                  | your foes. [potion of mutation]
 26376 | D:11     | Lost mutation: You have a pair of small antennae on your
                  | head. [potion of mutation]
 26376 | D:11     | Gained mutation: You have a beak for a mouth. [potion of
                  | mutation]
 26693 | D:12     | Found a staircase to the Orcish Mines.
 26693 | D:12     | Found Nejaoll's Weapon Emporium.
 26693 | D:12     | Found Toclu's Armour Emporium.
 26932 | D:12     | Reached XP level 15. HP: 57/85 MP: 0/0
 26932 | D:12     | Learned a level 6 spell: Death Channel
 26932 | D:12     | Reached XP level 16. HP: 61/91 MP: 0/0
 27488 | D:13     | Reached skill level 17 in Armour
 28523 | Orc:1    | Entered Level 1 of the Orcish Mines
 28626 | Orc:1    | Reached ***** piety under Ashenzari
 28943 | Orc:2    | Entered Level 2 of the Orcish Mines
 29277 | Orc:2    | Found Yweunaf's Assorted Antiques.
 29324 | Orc:2    | Found Owyivyno's Jewellery Shop.
 29383 | Orc:2    | Bought a potion of heal wounds for 170 gold pieces
 29542 | Orc:2    | Identified the Disquisition on Conjuration and
                  | Transformation
 29756 | Orc:2    | Paralysed by an orc sorcerer for 2 turns
 29760 | Orc:2    | Gained mutation: Your mind is acute. (Int +2) [a neqoxec]
 29762 | Orc:2    | Found Ysoesch's Assorted Antiques.
 29772 | Orc:2    | Reached skill level 1 in Throwing
 29824 | Orc:2    | Bought a scroll of fog for 62 gold pieces
 29901 | Orc:2    | Found Dediewoo's General Store.
 29975 | Orc:2    | Bought a scroll of acquirement for 728 gold pieces
 29975 | Orc:2    | Acquired the -4 pair of gloves of Distant Shores {*Corrode
                  | rPois Will++ Regen+ Str-2}
 30313 | Orc:2    | Found a staircase to the Elven Halls.
 31000 | D:13     | HP: 4/91 [boulder beetle (33)]
 31257 | D:13     | Reached skill level 18 in Armour
 31259 | D:13     | HP: 1/91 [centaur warrior/arrow (15)]
 31316 | D:13     | Reached skill level 5 in Dodging
 31381 | D:13     | Found a gate to the Vaults.
 31458 | D:13     | Reached XP level 17. HP: 86/95 MP: 0/0
 31458 | D:13     | Learned a level 6 spell: Eringya's Noxious Bog
 31607 | D:13     | Killed from afar by a war gargoyle

Illustrated notes

Levels and vault maps discovered:
D:1:      lightli_arrival_statue_moat, layout_basic,
          hellmonk_ecumenical_altar_prayer_group, minivault_14,
          minmay_splitting_lines, hex_tiny
D:2:      layout_basic, grunt_decor_resistance
D:3:      layout_basic, minmay_overflow_temple_star_quad, uniq_robin,
          uniq_terence, uniq_natasha
D:4:      layout_loops_ring, minitemple, uniq_edmund, uniq_sigmund
D:5:      layout_basic, grunt_gozag_breadcrumbs, temple_statues
D:6:      layout_basic, kiku_gazebo_pond_becter, trog_three_pillars_becter
D:7:      layout_rooms, nicolae_ru_awakened_eye, enter_bailey_4
D:8:      layout_basic, nicolae_tso_swordbearing_angel, chequers_jeans
D:9:      layout_irregular_city
D:10:     layout_irregular_city, lair_entry_dummy
D:11:     layout_basic, ploomutoo_gammafunk_ghost_potion_laboratory
D:12:     layout_roguey [special_room_bee], orc_david_3,
          kennysheep_pointless_box
D:13:     layout_irregular_city, david_vaults_1, nicolae_rejected_hall
Lair:1:   layout_hall_layers, nicolae_lair_lil_pond,
          chequers_serial_rivers_small_a
Lair:2:   layout_long_grid, wad_woods_river_01
Lair:3:   layout_cave_pods, minmay_swamp_entry_reptiles,
          spider_nest_entry_funnel_web, uniq_urug
Lair:4:   layout_misc_corridors, ebering_ghost_rock_garden
Lair:5:   layout_loops_ring, minmay_slime_entry_pillars, gauntlet_entry_generic,
          grunt_megastairs_2
Lair:6:   gammafunk_lair_ancient_temple, layout_concentric_octagons,
          eino_small_chamber_without_monster, dreamdust_deal_with_the_devil,
          uniq_kirke
Orc:1:    layout_caves, mines1_david
Orc:2:    pubby_orc_utopia, serial_shops

Skill      XL: |  1  2  3  4  5  6  7  8  9 10 11 12 13 14 15 16 |
---------------+-------------------------------------------------+-----
Spellcasting   | 3 4 5 6 7 8 10 12 13 14 15 16 | 16.8
Stealth        | 2 |  2.8
Armour         | 3 6 9 11 13 14 16 18 | 18.1
Evocations     | 3 |  3.3
Throwing       | 3 |  3.9
Dodging        | 5 |  5.5

Action                   |  1- 3 |  4- 6 |  7- 9 | 10-12 | 13-15 | 16-18 || total
-------------------------+-------+-------+-------+-------+-------+-------++-------
Melee: Unarmed           |       |       |     1 |       |       |       ||     1
       Staff             |       |       |       |     1 |       |       ||     1
Throw: Throwing net      |       |       |       |       |       |     1 ||     1
 Cast: Foxfire           |    46 |    45 |   211 |   484 |   303 |   314 ||  1403
       Scorch            |     6 |    26 |    58 |   143 |   102 |    89 ||   424
       Corpse Rot        |       |       |     1 |       |       |       ||     1
       Mephitic Cloud    |       |       |       |    13 |    22 |    25 ||    60
       Call Imp          |       |       |       |     2 |     2 |     1 ||     5
       Iskenderun's Myst |       |       |       |    22 |   115 |   152 ||   289
       Flame Wave        |       |       |       |     4 |     6 |       ||    10
       Iskenderun's Batt |       |       |       |       |     6 |     7 ||    13
       Conjure Flame     |       |       |       |       |     2 |       ||     2
       Death Channel     |       |       |       |       |       |     2 ||     2
       Eringya's Noxious |       |       |       |       |       |     1 ||     1
Invok: Curse Item        |       |       |       |     4 |     3 |     1 ||     8
       Shatter the Chain |       |       |       |       |     1 |     2 ||     3
  Use: Scroll            |       |       |    12 |    10 |     6 |     9 ||    37
       Potion            |       |       |     2 |     6 |    15 |     4 ||    27
Armor: Robe              |     1 |       |     8 |    13 |    18 |    20 ||    60
Dodge: Dodged            |     5 |     2 |    17 |    47 |    42 |    51 ||   164
Block: Other             |       |       |       |     2 |    12 |    24 ||    38
       Reflection        |       |       |       |       |       |     7 ||     7
